 Dungeon Crawl Stone Soup version 0.25.1-2-g60ff931df9 (webtiles) character file.

Game seed: 18118366233851883970

3247 roke1 the Conjurer (level 9, -1/60 (61) HPs)
             Began as an Octopode Fire Elementalist on Oct 5, 2020.
             Was a Priest of Vehumet.
             Slain by a wolf (3 damage)
             ... on level 8 of the Dungeon.
             The game lasted 00:22:31 (10521 turns).

roke1 the Conjurer (Octopode Fire Elementalist)    Turns: 10521, Time: 00:22:32

HP:   -1/60 (61)    AC:  1    Str:  7    XL:     9   Next: 99%
MP:   3/16          EV: 16    Int: 20    God:    Vehumet [***...]
Gold: 435           SH:  0    Dex: 13    Spells: 5/18 levels left

rFire    . . .     SeeInvis .   B - +2 dagger (venom)
rCold    . . .     Gourm    .   (no shield)
rNeg     . . .     Faith    +   (helmet restricted)
rPois    .         Spirit   .   p - amulet of faith
rElec    .         Reflect  .   v - ring of flight
rCorr    .         Harm     .   (no ring)
MR       .....                  (no ring)
Stlth    +++.......             (no ring)
HPRegen  0.20/turn              (no ring)
MPRegen  0.15/turn              (no ring)
                                (no ring)
                                (no ring)

@: studying Earth Magic
A: almost no armour, stealthy swim, amphibious, 8 rings, constrict 8, camouflage
1, gelatinous body 1
a: Renounce Religion, Evoke Flight


You were on level 8 of the Dungeon.
You worshipped Vehumet.
Vehumet was most pleased with you.
You were not hungry.

You visited 1 branch of the dungeon, and saw 8 of its levels.

You collected 435 gold pieces.

Inventory:

Hand Weapons
 a - a +3 falchion
 c - a +1 dagger of draining
 B - a +2 dagger of venom (weapon)
Jewellery
 p - an amulet of faith (around mantle)
 v - a ring of flight (left tentacle)
 z - an uncursed ring of wizardry {unknown}
 A - an uncursed amulet of magic regeneration {unknown}
Wands
 j - a wand of flame (13)
 k - a wand of polymorph (24)
 o - a wand of random effects (23)
 u - a wand of digging (6)
 w - a wand of acid (3)
Scrolls
 f - a scroll of fog {unknown}
 g - a scroll of magic mapping
 m - 4 scrolls of remove curse
 n - 2 scrolls of fear
 r - 3 scrolls of amnesia
 y - 4 scrolls of identify
Potions
 d - 2 potions of mutation
 e - 4 potions of lignification
 h - 7 potions of curing
 i - 2 potions of stabbing
 q - 2 potions of flight
 s - 2 potions of magic
 t - a potion of berserk rage {unknown}
 C - a potion of ambrosia {unknown}
Books
 l - a manual of Earth Magic
Comestibles
 b - 13 rations
 x - 8 chunks of flesh


   Skills:
 + Level 5.1 Fighting
 + Level 5.6 Dodging
 - Level 2.6 Stealth
 + Level 5.2 Spellcasting
 * Level 7.5 Conjurations
 + Level 7.2 Fire Magic
 + Level 2.3 Earth Magic


You had 5 spell levels left.
You knew the following spells:

 Your Spells              Type           Power        Failure   Level  Hunger
a - Foxfire               Conj/Fire      ####         1%          1    None
b - Sticky Flame          Conj/Fire      ####....     1%          4    ####...
c - Fireball              Conj/Fire      ####......   4%          5    #####..
d - Stone Arrow           Conj/Erth      ###...       1%          3    ##.....

Your spell library contained the following spells:

 Spells                   Type           Power        Failure   Level  Hunger
 Conjure Flame            Conj/Fire      ####....     1%          3    ##.....
 Dazzling Flash           Conj/Hex       ###...       2%          3    ##.....
 Inner Flame              Hex/Fire       ###.....     2%          3    ##.....
 Corona                   Hex            #......      12%         1    None
 Ensorcelled Hibernation  Hex/Ice        #.....       17%         2    None
 Confusing Touch          Hex            #.......     34%         3    ##.....
 Tukima's Dance           Hex            #.......     34%         3    ##.....


Dungeon Overview and Level Annotations

Branches:
Dungeon (8/15)             Temple (0/1) D:7
   Lair: D:8-11

Altars:
Ashenzari
Dithmenos
Okawaru
Ru
Uskayaw
Vehumet
Zin
The Shining One

Shops:
D:4 %   D:6 **


Innate Abilities, Weirdness & Mutations

You cannot wear most types of armour.
You are very stealthy in the water. (Stealth+)
You are amphibious.
You can wear up to eight rings at the same time.
You can use your tentacles to constrict eight enemies at once.
Your skin changes colour to match your surroundings (Stealth+).
Your rubbery body absorbs attacks. (AC +1, EV +1)


Message History

The wolf is severely wounded.
The foxfire hits the wolf!
The wolf is almost dead.
The foxfire hits the wolf but does no damage.
The wolf is almost dead.
The wolf completely misses you.
You barely miss the wolf. Your grab misses the wolf.
The wolf is almost dead.
The wolf closely misses you. The wolf misses you. The wolf bites you!
The wolf bites you.
An adder skeleton comes into view.
The wolf barely misses you.
There is a stone staircase leading down here.
You barely miss the wolf. Your grab misses the wolf. The wolf bites you.
The wolf bites you!
* * * LOW HITPOINT WARNING * * *
The wolf bites you.
* * * LOW HITPOINT WARNING * * *
The wolf bites you.
You die...

###.####.#.####..#.#..
#..<# #.#.####......(
#.### #...........# #.#
#.........## #.#
#..####...# #.#
#...l##...####.. #.#
##.#.........Z.. ; #.#
#####.####...####. §.. #.#
#......@hhl..####..≈h. #.#
#.###.###............. #.#
#.# #.#>..............
#.###.###.#.#...##########
#...............#
#####.#######...# #.#
#..)# #.#######...#
#...........#


You could see 2 wolves and a leopard gecko.

Vanquished Creatures
  Pikel (D:7)
  Sigmund (D:3)
  A water moccasin (D:5)
  An orc warrior (D:7)
  An ice beast (D:7)
  A black bear (D:8)
  A slave (D:7)
  A necrophage (D:8)
  3 ogres
  A phantom (D:8)
  5 centaurs
  Blork the orc (D:5)
  A bullfrog (D:5)
  A scorpion (D:5)
  A water moccasin skeleton (D:5)
  2 howler monkeys (D:8)
  A crimson imp (D:5)
  3 hounds
  An orc priest (D:8)
  A bullfrog zombie (D:8)
  3 jellies
  3 bullfrog skeletons
  10 orc wizards
  A centaur skeleton (D:6)
  Terence (D:3)
  2 iguanas (D:5)
  4 worker ants (D:4)
  A hound skeleton (D:8)
  2 worker ant zombies
  Robin (D:3)
  9 adders
  3 gnolls (D:3)
  A howler monkey skeleton (D:5)
  4 shadow imps
  An ooze (D:5)
  2 adder skeletons
  A worm (D:2)
  4 leopard geckos
  24 orcs
  7 bats
  8 giant cockroaches
  11 goblins
  8 hobgoblins
  5 jackals
  13 kobolds
  3 quokkas
  2 ball pythons (D:5)
  5 frilled lizards
  A leopard gecko zombie (D:7)
  4 rats
173 creatures vanquished.

Vanquished Creatures (others)
  2 slaves (D:7)
  An ice beast (D:7)
  A hound (D:7)
  An orc wizard (D:7)
  A worker ant (D:7)
  An adder (D:7)
  An orc (D:7)
  511 foxfires
  4 plants (D:3)
523 creatures vanquished.

Grand Total: 696 creatures vanquished

Notes
Turn   | Place    | Note
-------+----------+-------------------------------------------
     0 | D:1      | roke1 the Octopode Fire Elementalist began the quest for
                  | the Orb.
     0 | D:1      | Reached XP level 1. HP: 11/11 MP: 3/3
   343 | D:1      | Found an iron altar of Okawaru.
   376 | D:1      | Reached XP level 2. HP: 18/18 MP: 5/5
   925 | D:1      | Reached XP level 3. HP: 22/22 MP: 6/6
  1171 | D:1      | Reached skill level 1 in Fighting
  2123 | D:2      | Reached XP level 4. HP: 28/28 MP: 2/7
  2281 | D:2      | Found a shattered altar of Ashenzari.
  2721 | D:3      | Noticed Robin
  2888 | D:3      | Found a shadowy altar of Dithmenos.
  2889 | D:3      | Noticed Sigmund
  2898 | D:3      | Killed Sigmund
  2898 | D:3      | Reached XP level 5. HP: 20/34 MP: 0/9
  2898 | D:3      | Reached XP level 6. HP: 23/39 MP: 0/10
  3038 | D:3      | Found a radiant altar of Vehumet.
  3041 | D:3      | Found a glowing golden altar of the Shining One.
  3048 | D:3      | Became a worshipper of Vehumet
  3141 | D:3      | Killed Robin
  3649 | D:3      | Noticed Terence
  3656 | D:3      | Killed Terence
  4076 | D:3      | Learned a level 4 spell: Sticky Flame
  4082 | D:3      | Learned a level 5 spell: Fireball
  4632 | D:4      | Found Fuoll's Food Emporium.
  4840 | D:4      | Reached XP level 7. HP: 30/45 MP: 3/11
  5565 | D:5      | Entered Level 5 of the Dungeon
  5565 | D:5      | Noticed Blork the orc
  5936 | D:5      | Reached * piety under Vehumet
  5936 | D:5      | Offered knowledge of Sandblast by Vehumet.
  6208 | D:5      | Killed Blork the orc
  6502 | D:5      | Reached XP level 8. HP: 52/52 MP: 8/13
  6623 | D:5      | Reached skill level 5 in Conjurations
  6623 | D:5      | Reached skill level 5 in Fire Magic
  7696 | D:6      | Offered knowledge of Shock by Vehumet.
  7696 | D:6      | Reached ** piety under Vehumet
  7811 | D:6      | Found Zin's Purification Station.
  7818 | D:6      | Found a glowing silver altar of Zin.
  7822 | D:6      | Found Qoxouram's Assorted Antiques.
  8603 | D:7      | Noticed Pikel
  8613 | D:7      | Killed Pikel
  8613 | D:7      | Reached skill level 5 in Dodging
  8613 | D:7      | Reached XP level 9. HP: 21/59 MP: 4/15
  9203 | D:7      | Found a hide-covered altar of Uskayaw.
  9390 | D:7      | Found a staircase to the Ecumenical Temple.
  9554 | D:7      | Offered knowledge of Stone Arrow by Vehumet.
  9562 | D:7      | Learned a level 3 spell: Stone Arrow
  9769 | D:7      | Found a sacrificial altar of Ru.
  9915 | D:8      | Reached skill level 5 in Spellcasting
 10110 | D:8      | Reached skill level 1 in Earth Magic
 10322 | D:8      | Reached *** piety under Vehumet
 10322 | D:8      | Reached skill level 5 in Fighting
 10520 | D:8      | HP: 2/60 [wolf (5)]
 10521 | D:8      | Slain by a wolf

Illustrated notes

Levels and vault maps discovered:
D:1:      dpeg_arrival_rooms_c, layout_basic, okawaru_ov_weapons_minmay
D:2:      layout_rooms, lemuel_doored_altar
D:3:      layout_loops_ring, grunt_temple_overflow_open, first_ration,
          wad_woods_river_04, uniq_robin, uniq_terence, uniq_sigmund
D:4:      layout_cave_pods, serial_shops, shop
D:5:      minmay_chambers_of_threes, layout_basic, uniq_blork_the_orc
D:6:      wander_river, layout_loops_ring, zin_purify, serial_shops,
          nicolae_shop_overgrown_old_shop, minmay_manual_mares
D:7:      layout_basic, nicolae_ru_the_path_less_chosen,
          eat_drink_and_be_merry_uskayaw, minmay_temple_entry_slanted,
          uniq_pikel
D:8:      layout_loops_ring, erik_lair_island

Skill      XL: |  1  2  3  4  5  6  7  8  9 |
---------------+----------------------------+-----
Fighting       | 1 2 3 4 5 |  5.1
Conjurations   | 2 3 4 6 7 |  7.5
Dodging        | 3 4 5 |  5.6
Spellcasting   | 3 4 5 |  5.2
Fire Magic     | 4 6 7 |  7.2
Earth Magic    | 2 |  2.3
Stealth        | |  2.6

Action                   |  1- 3 |  4- 6 |  7- 9 || total
-------------------------+-------+-------+-------++-------
Melee: Unarmed           |     8 |       |       ||     8
       Constrict         |    11 |    14 |    22 ||    47
       Tentacles         |     5 |     8 |    22 ||    35
       Falchion          |    12 |       |    10 ||    22
       Dagger            |    24 |    39 |    99 ||   162
 Cast: Foxfire           |    42 |    83 |   176 ||   301
       Sticky Flame      |       |       |    10 ||    10
       Stone Arrow       |       |       |     8 ||     8
       Fireball          |       |       |     2 ||     2
  Use: Scroll            |     4 |     2 |     8 ||    14
       Potion            |       |       |     2 ||     2
 Stab: Sleeping          |     7 |     1 |     2 ||    10
  Eat: Chunk             |     4 |     8 |    17 ||    29
       Ration            |       |       |     1 ||     1
Armor: Skin              |     6 |     2 |     7 ||    15
Dodge: Dodged            |    24 |    44 |   128 ||   196
       Rpst.: Falchion   |     3 |       |     3 ||     6
